[Event "*** Titled Tuesday 3|2 Blitz"]
[Site "Chess.com"]
[Date "2016.09.06"]
[Round "2"]
[White "nonscitis"]
[Black "ftorodent"]
[Result "1/2-1/2"]
[WhiteElo "2343"]
[BlackElo "2464"]
[TimeControl "180+2"]
[EndTime "11:22:49 PDT"]
[Termination "Game drawn - insufficient material"]

1. e4 e6 2. d4 d5 3. Nd2 Be7 4.
Ngf3 Nf6 5. Bd3 c5 6. exd5 Qxd5 7. dxc5 Bxc5 8. Qe2 O-O 9. Ne4 Be7 10. O-O Nbd7 11.
Rd1 Qa5 12. a3 Qc7 13. b4 b6 14.
Bb2 Bb7 15. Nfg5 h6 16. Nf3 Nxe4 17. Bxe4 Bxe4 18. Qxe4 Bf6 19. Bd4 Rac8 20. Rac1 Qc4 21. Qe3 Rfd8 22. h3 Qa2 23. Bxf6 Nxf6 24. Rxd8+ Rxd8 25.
Qb3 Qxb3 26. cxb3 Nd5 27. Kf1 Kf8 28. Ne5 a6 29. g3 f6 30. Nd3 Ke7 31. Ke2 Kd7 32.
a4 Rc8 33. Rxc8 Kxc8 34. Kd2 Kd7 35. f4 Kc6 36. g4 g5 37. fxg5 hxg5 38. Ke2 b5 39.
axb5+ Kxb5 40. Nc5 Nf4+ 41. Kf3 Kxb4 42. Nxa6+ Kxb3 43. h4 Ng6 44. hxg5 fxg5 45. Nc5+ Kc4 46. Nxe6 Ne5+ 47. Kg3 Nxg4 48. Kxg4 Kd5 49. Nxg5 1/2-1/2

[Event "*** Titled Tuesday 3|2 Blitz"]
[Site "Chess.com"]
[Date "2016.09.06"]
[Round "2"]
[White "Quiet_Desperation"]
[Black "Gordima"]
[Result "0-1"]
[WhiteElo "2252"]
[BlackElo "2523"]
[TimeControl "180+2"]
[EndTime "11:22:58 PDT"]
[Termination "Gordima won by resignation"]

1. e4 c5 2. Nf3 d6 3. d4 cxd4 4. Nxd4 Nf6 5. Nc3 a6 6. Be3 e5 7. Nb3 Be6 8. f3 h5 9. Qd2 Nbd7 10. O-O-O Be7 11. Nd5 Bxd5 12. exd5 Nb6 13. Bxb6 Qxb6 14. Kb1 Qc7 15. c4 a5 16. Nc1 O-O 17. Be2 a4 18. h4 Rac8 19. g4 hxg4 20. fxg4 a3 21. b3 b5 22. g5 Ne4 23. Qe3 Nc5 24. h5 bxc4 25. Bxc4 Qd7 26. Rdf1 Qg4 27. g6 f5 28. h6 Qe4+ 29. Qxe4 Nxe4 30. hxg7 Kxg7 31. Rh7+ Kf6 32. g7 Nd2+ 33. Kc2 Nxf1 34. gxf8=Q+ Bxf8 35. Kd3 e4+ 36. Ke2 Ng3+ 37. Kf2 f4 38. Ne2 Nxe2 39. Kxe2 Ke5 40. Ra7 Kd4 41. Rxa3 f3+ 42. Kf2 Bh6 43. Ra4 Be3+ 44.
Kf1 Rg8 45. Ke1 Rg1+ 46. Bf1+ Ke5 47. Rc4 Bd4 48. b4 e3 0-1

[Event "*** Titled Tuesday 3|2 Blitz"]
[Site "Chess.com"]
[Date "2016.09.06"]
[Round "2"]
[White "GMKrikor"]
[Black "Novak_Pezelj"]
[Result "1-0"]
[WhiteElo "2515"]
[BlackElo "2543"]
[TimeControl "180+2"]
[EndTime "11:22:59 PDT"]
[Termination "GMKrikor won by resignation"]

1. e4 e6 2. d4 d5 3. Nc3 Nf6 4. e5 Nfd7 5. f4 c5 6. Nf3 Nc6 7. Be3 Be7 8. Qd2 O-O 9. dxc5 Qa5 10. O-O-O b6 11. Bb5 Bb7 12. Bxc6 Bxc6 13. Nd4 Rfc8 14.
f5 Nxe5 15. fxe6 Nc4 16. exf7+ Kh8 17. Qf2 Bf6 18. Rhe1 Qb4 19. Nb3 Bxc3 20. Bd4 Bxd4 21. Qxd4 bxc5 22. Nxc5 Ba4 23. Nd3 Qb7 24. b3 Na3 25. Rd2 Bb5 26. Nc5 Qxf7 27. Kb2 Qf8 28. Ne6 Qe7 29. Rf2 Bd7 30. Rfe2 Bxe6 31. Rxe6 Qf8 32.
R1e2 Nb5 33. Qe5 Nc3 34. Re1 Qb4 35. Re8+ Rxe8 36. Qxe8+ Qf8 37. Qxf8+ Rxf8 38. Kxc3 h6 39. Kd4 Rf2 40. Rc1 Rxg2 41. Kxd5 Rxh2 42. c4 Rd2+ 43. Ke6 g5 44. c5 g4 45. c6 Rd8 46. c7 Rc8 47. Kd7 Rg8 48. c8=Q Rxc8 49. Rxc8+ Kg7 50.
Ke6 Kg6 51. Rg8+ 1-0

[Event "*** Titled Tuesday 3|2 Blitz"]
[Site "Chess.com"]
[Date "2016.09.06"]
[Round "2"]
[White "Pudor"]
[Black "AllStarShark"]
[Result "1-0"]
[WhiteElo "2373"]
[BlackElo "2281"]
[TimeControl "180+2"]
[EndTime "11:23:05 PDT"]
[Termination "Pudor won by resignation"]

1. d4 d5 2. c4 dxc4 3. Nf3 Nf6 4.
Nc3 a6 5. e4 b5 6. e5 Nd5 7. a4 Nxc3 8. bxc3 c6 9. Be2 Bb7 10. e6 f6 11. O-O g6 12. Re1 Bg7 13.
Bf4 Qd5 14. Bf1 Bc8 15. Qe2 a5 16. g3 g5 17. Bd2 Qf5 18. Bg2 Ra7 19. Rab1 Ba6 20.
Qxc4 O-O 21. Qa2 bxa4 22. Qxa4 Bb5 23. Qa2 Bd3 24. Rb2 Be4 25. Nh4 gxh4 26. Bxe4 Qg4 27. Bg2 h3 28. Bh1 f5 29. Reb1 Na6 30. Bf4 c5 31. Qd5 cxd4 32. cxd4 Nb4 33. Qc5 Ra6 34. Bb7 Rxe6 35. Bd5 Nxd5 36. Qxd5 Rf6 37. Re1 Kf7 38. Rbe2 Bh6 39. Rxe6 Bxf4 40. Rxf6+ Kxf6 41. Qe6+ Kg5 42. Qxe7+ Kh5 43. Qf7+ Qg6 44. Qxg6+ hxg6 45. gxf4 Kg4 46. d5 1-0

[Event "*** Titled Tuesday 3|2 Blitz"]
[Site "Chess.com"]
[Date "2016.09.06"]
[Round "2"]
[White "Colombiano07"]
[Black "Abdodi"]
[Result "1-0"]
[WhiteElo "2233"]
[BlackElo "1934"]
[TimeControl "180+2"]
[EndTime "11:23:18 PDT"]
[Termination "Colombiano07 won by resignation"]

1. Nf3 Nf6 2. b3 g6 3. Bb2 Bg7 4. g3 O-O 5. Bg2 d5 6. O-O c6 7. c4 dxc4 8. bxc4 Bf5 9. d3 Qd7 10. Nbd2 Bh3 11. Ne5 Qc8 12. Qb3 Bxg2 13. Kxg2 Nfd7 14.
Nxd7 Nxd7 15. Bxg7 Kxg7 16. Rab1 b6 17. d4 Nf6 18. e4 Rd8 19. Qc3 Kg8 20. Rfe1 Qd7 21. Nf3 Ne8 22. Rbd1 Ng7 23. Ne5 Qc7 24. Re3 Rd6 25. Rf3 f6 26. Ng4 h5 27. Ne3 Ne6 28. Nc2 Rad8 29. h4 Qd7 30. Rfd3 Nc5 31. Re3 e5 32. d5 cxd5 33. Rxd5 Qc6 34. Qd2 Nxe4 35. Rxe4 Rxd5 36. cxd5 Rxd5 37. Qe2 Rc5 38. Nb4 Qb7 39. Kh2 Rc1 40. Nd3 Ra1 41. Ne1 Kh7 42. g4 hxg4 43. Rxg4 f5 44. Rg1 Qc7 45. h5 e4+ 46. Kh1 Qf4 47. hxg6+ Kg7 48. Qb2+ Kg8 49.
Qb3+ Kh8 50. g7+ Kh7 51. g8=Q+ 1-0

[Event "*** Titled Tuesday 3|2 Blitz"]
[Site "Chess.com"]
[Date "2016.09.06"]
[Round "2"]
[White "pedromartinez91"]
[Black "SCIM"]
[Result "1-0"]
[WhiteElo "2395"]
[BlackElo "2244"]
[TimeControl "180+2"]
[EndTime "11:23:20 PDT"]
[Termination "pedromartinez91 won by resignation"]

1. e4 c5 2. Nf3 e6 3. c3 Nf6 4. e5 Nd5 5. d4 cxd4 6. cxd4 d6 7.
Nc3 Nxc3 8. bxc3 Qc7 9. Bd2 Nc6 10. Bd3 dxe5 11. O-O exd4 12. cxd4 Be7 13. Qe2 O-O 14. Rac1 Bd7 15. d5 Rfd8 16. dxc6 Bxc6 17. Ne5 Bf6 18. Nxc6 bxc6 19. Qe4 g6 20. Be3 Rac8 21. Ba6 Rb8 22.
Qxc6 Qa5 23. Bxa7 Ra8 24. Bb6 Qxa6 25. Bxd8 Qxc6 26. Rxc6 Bxd8 27. Rfc1 Rxa2 28. Rd1 Kg7 29. g3 Ra8 30. Rd7 Kf6 31. h4 h5 32. Kg2 Ba5 33. Rc4 Rf8 34. Rf4+ Kg7 35. Re4 Re8 36. f3 Bc3 37. g4 hxg4 38. fxg4 Bf6 39. g5 Bc3 40.
Kf3 e5 41. Rc4 Be1 42. Re4 Bc3 43. Rd3 Bb2 44. Rb3 Bd4 45. Rb7 Ra8 46. Re1 Ra3+ 47. Ke4 Bf2 48. Rf1 Ra2 49. Kxe5 Kg8 50. Kf6 Re2 51.
Rd1 Bc5 52. Rd8+ Bf8 53. Rxf8+ Kxf8 54. Rxf7+ Kg8 55. Rg7+ Kh8 56. Ra7 Re7 57. Rxe7 1-0

[Event "*** Titled Tuesday 3|2 Blitz"]
[Site "Chess.com"]
[Date "2016.09.06"]
[Round "2"]
[White "saraswathii"]
[Black "Kawhi_Leonard2"]
[Result "1-0"]
[WhiteElo "2091"]
[BlackElo "1986"]
[TimeControl "180+2"]
[EndTime "11:23:21 PDT"]
[Termination "saraswathii won on time"]

1. e4 c5 2. Nf3 d6 3. d3 Nc6 4. g3 g6 5. Bg2 Bg7 6. O-O Nf6 7. c3 O-O 8. Re1 Bg4 9. h3 Bxf3 10.
Qxf3 Rb8 11. Be3 Nd7 12. Na3 b5 13. Nc2 b4 14. d4 bxc3 15. bxc3 cxd4 16. Nxd4 Nce5 17.
Qe2 Qc8 18. Rac1 Nc4 19. Bg5 Re8 20. Rb1 Ncb6 21. Rec1 h6 22. Be3 Qc4 23. Qd1 Ne5 24. Nb5 a6 25. Na3 Qxa2 26. Bxb6 Qxa3 27. Ra1 Qb2 28. Rab1 Qa2 29. Ra1 Qe6 30. Rxa6 Nc4 31.
Bd4 Rec8 32. Rca1 Ne5 33. f4 Nc6 34. Bxg7 Kxg7 35. e5 Qd7 36. exd6 exd6 37. Qd5 Ne7 38. Qd4+ Kg8 39. Rxd6 Qc7 40. Ra7 Rb1+ 41. Kh2 Qxc3 42. Qxc3 Rxc3 43. Rxe7 Rc2 44. Rd8+ Kg7 45. Rdd7 Rbb2 46.
Rxf7+ Kg8 47. Rfe7 Rxg2+ 48. Kh1 Rh2+ 49. Kg1 1-0

[Event "*** Titled Tuesday 3|2 Blitz"]
[Site "Chess.com"]
[Date "2016.09.06"]
[Round "2"]
[White "kleinebeer98"]
[Black "Andrejkin"]
[Result "1-0"]
[WhiteElo "2521"]
[BlackElo "2216"]
[TimeControl "180+2"]
[EndTime "11:23:31 PDT"]
[Termination "kleinebeer98 won by checkmate"]

1. e4 c5 2. Nf3 d6 3. d4 cxd4 4.
Nxd4 Nf6 5. Nc3 a6 6. a4 e5 7. Nb3 Be6 8. a5 Nbd7 9. Be3 Be7 10. f3 Qc7 11. Be2 Rc8 12. O-O O-O 13. Kh1 Rfd8 14. Nd5 Bxd5 15. exd5 Qxc2 16. Qxc2 Rxc2 17.
Bd1 Rc7 18. Bb6 Nxb6 19. axb6 Rcc8 20. Na5 Rd7 21. Ba4 Bd8 22. Bxd7 Nxd7 23. Rac1 Rb8 24. Nxb7 Rxb7 25. Rc8 Kf8 26. Rxd8+ Ke7 27. Ra8 Rxb6 28.
Rb1 Nc5 29. Kg1 g6 30. Kf1 Nb3 31. Ke2 Kf6 32. Kd3 h5 33. Ra7 Nc5+ 34. Kc4 Nb3 35. Kc3 a5 36. h4 Rb5 37. g4 Nd4 38. gxh5 gxh5 39. b4 axb4+ 40. Rxb4 Ne2+ 41. Kc4 Rc5+ 42. Kd3 Nf4+ 43. Ke4 Rxd5 44. Rbb7 Rd4+ 45. Ke3 Nd5+ 46. Kf2 Rxh4 47. Rxf7+ Ke6 48. Rh7 Nf4 49. Rh6+ Kd5 50. Ra5+ Kc6 51. Ra6+ Kc5 52. Rhxd6 Rh2+ 53. Kg1 Re2 54.
Rac6+ Kb5 55. Rc1 Nh3+ 56. Kf1 Rf2+ 57. Ke1 Rxf3 58. Rd8 Ka6 59. Rb1 Ka7 60. Rd7+ Ka8 61. Rd5 Re3+ 62. Kd2 Re4 63. Ra5# 1-0

[Event "*** Titled Tuesday 3|2 Blitz"]
[Site "Chess.com"]
[Date "2016.09.06"]
[Round "2"]
[White "Ksenia_Legenko"]
[Black "usbista"]
[Result "1-0"]
[WhiteElo "2012"]
[BlackElo "2080"]
[TimeControl "180+2"]
[EndTime "11:23:42 PDT"]
[Termination "Ksenia_Legenko won by resignation"]

1. d4 d5 2. c4 c6 3. Nf3 Nf6 4.
g3 dxc4 5. Bg2 g6 6. O-O Nbd7 7. a4 a5 8. Na3 Nb6 9. Ne5 Bg7 10. Naxc4 Nxc4 11. Nxc4 Be6 12. b3 Bd5 13. Bb2 Bxg2 14. Kxg2 O-O 15. Qd3 Nd5 16. Rad1 Nb4 17. Qd2 Qd5+ 18.
Kg1 Rad8 19. Rfe1 Rfe8 20. e4 Qh5 21. Bc3 e5 22. Qb2 exd4 23. Bxd4 c5 24. Bxg7 Rxd1 25.
Rxd1 Qxd1+ 26. Kg2 Nd3 27. Qf6 Ne1+ 28. Kg1 Nf3+ 29.
Kg2 Ne1+ 30. Kg1 Qf3 31. Qxf3 Nxf3+ 32. Kg2 Kxg7 33. Kxf3 b6 34. Ke3 f5 35. f3 fxe4 36. fxe4 Re6 37. Kf4 h6 38. e5 Kf7 39. Ke4 Ke7 40. Kd5 Kd7 41. Nd6 h5 42. Ne4 Ke7 43.
Ng5 Rxe5+ 44. Kxe5 b5 45. axb5 c4 46. bxc4 1-0

[Event "*** Titled Tuesday 3|2 Blitz"]
[Site "Chess.com"]
[Date "2016.09.06"]
[Round "2"]
[White "geordie_derraugh"]
[Black "cassoulet"]
[Result "1/2-1/2"]
[WhiteElo "2181"]
[BlackElo "2326"]
[TimeControl "180+2"]
[EndTime "11:23:46 PDT"]
[Termination "Game drawn by agreement"]

1. e4 c5 2. Nf3 d6 3. Bb5+ Nd7 4.
d4 cxd4 5. Qxd4 a6 6. Bxd7+ Bxd7 7. O-O e5 8. Qd3 Nf6 9. c4 Bc6 10. Nc3 Be7 11. Bg5 O-O 12. Rad1 Rc8 13. Bxf6 Bxf6 14. Qxd6 Qa5 15. a3 Rfd8 16. Qb4 Qc7 17. Nd5 Bxd5 18. cxd5 Be7 19. Qb3 Bd6 20. Nh4 g6 21. Nf3 b5 22. Rd2 Qc4 23. Qe3 f6 24. h4 Rc7 25.
h5 Kg7 26. Nh4 Rg8 27. Re1 b4 28. Qg3 Kf7 29. Qh3 Re7 30. Rd3 Qc8 31. Qf3 a5 32. Qd1 Qb7 33. Qd2 Kg7 34. Rg3 Kf7 35. Qh6 Ke8 36.
hxg6 hxg6 37. Nxg6 Reg7 38. Rc1 bxa3 39. bxa3 Bxa3 40. Rc6 Be7 41. Re6 Qb1+ 42. Kh2 Qxe4 43. d6 Rxg6 44. Rxe7+ Kd8 45. Rxg6 Qxg6 46. Qh3 f5 47.
Rxe5 Qxd6 48. f4 Qf6 49. Rxf5 Qd4 50. Qh4+ Kc8 51. Qh3 Kb8 52. Rb5+ Kc7 53. Qh7+ Rg7 54. Qf5 a4 55. Rc5+ Kb6 56. Rb5+ Kc6 57. Re5 Rh7+ 58. Kg3 Qc3+ 59. Kg4 Rg7+ 60. Kh5 Rd7 61. Qe4+ Kc7 62.
Rg5 Qc6 63. Qxc6+ Kxc6 64. Ra5 Rd4 65. g3 Kb6 66. Ra8 Kb7 67. Ra5 Kb6 68. Ra8 Kb7 69. Ra5 1/2-1/2

[Event "*** Titled Tuesday 3|2 Blitz"]
[Site "Chess.com"]
[Date "2016.09.06"]
[Round "2"]
[White "alturas_pacificas"]
[Black "GremioPrudente"]
[Result "1-0"]
[WhiteElo "2145"]
[BlackElo "2042"]
[TimeControl "180+2"]
[EndTime "11:23:58 PDT"]
[Termination "alturas_pacificas won by checkmate"]

1. d4 d5 2. Bf4 c6 3. e3 Qb6 4. b3 Bf5 5. Bd3 Bxd3 6. Qxd3 e6 7. Nf3 Nf6 8. O-O Nbd7 9. c4 Nh5 10. Be5 f6 11.
Bg3 Nxg3 12. hxg3 Qd8 13. e4 Be7 14. Nc3 dxc4 15. Qxc4 Nf8 16. Rfd1 Qd7 17. d5 cxd5 18. exd5 Rc8 19. Qd3 Bb4 20. Rac1 Bxc3 21. Rxc3 Rxc3 22. Qxc3 exd5 23. Qc5 Ne6 24. Qxa7 Kf7 25. Nd4 Nxd4 26. Rxd4 Rd8 27. Rb4 b5 28. Qxd7+ Rxd7 29. Rxb5 d4 30.
Rc5 Ra7 31. Rc2 Ke6 32. Kf1 Kd5 33. Ke2 f5 34. Kd3 g6 35. Re2 Rc7 36. Rc2 Ra7 37. b4 Ra3+ 38. Kd2 d3 39. Rb2 Kc6 40. b5+ Kb6 41. f3 g5 42. Ke3 h6 43. Kd4 f4 44.
gxf4 gxf4 45. Ke4 h5 46. Kxf4 h4 47. Kg4 h3 48. Kxh3 d2 49. Rxd2 Kxb5 50. Kg4 Kc4 51.
f4 Kc5 52. Kg5 Kc6 53. g4 Ra8 54. f5 Rg8+ 55. Kf4 Rf8 56. g5 Ra8 57. g6 Ra4+ 58.
Kg5 Ra3 59. g7 Rg3+ 60. Kf6 Rg1 61. Kf7 Rg5 62. f6 Rf5 63. g8=Q Kc5 64. Qc8+ Kb4 65. Rb2+ Ka3 66. Qc3+ Ka4 67. Qb4# 1-0

[Event "*** Titled Tuesday 3|2 Blitz"]
[Site "Chess.com"]
[Date "2016.09.06"]
[Round "2"]
[White "Aygehovit1992"]
[Black "ruifeng"]
[Result "1/2-1/2"]
[WhiteElo "2405"]
[BlackElo "2336"]
[TimeControl "180+2"]
[EndTime "11:23:59 PDT"]
[Termination "Game drawn - insufficient material"]

1. e4 e5 2. Nf3 Nc6 3. Bb5 a6 4. Ba4 d6 5. c4 Bg4 6. Nc3 Nf6 7. h3 Bxf3 8. Qxf3 Nd7 9. Bxc6 bxc6 10. d3 Nc5 11.
O-O Be7 12. Rd1 Ne6 13. Be3 Bg5 14. Ne2 O-O 15. d4 Bxe3 16. Qxe3 exd4 17. Nxd4 Nxd4 18. Qxd4 Qg5 19. Rd3 Rfe8 20. Rg3 Qe5 21. Qxe5 Rxe5 22. Re3 Rae8 23. Rae1 Ra5 24. a3 Rc5 25. b3 a5 26.
a4 Kf8 27. f3 f5 28. Kf2 f4 29. Rc3 Rce5 30. Rd1 c5 31. Rd5 Kf7 32. Rcd3 Kf6 33. g3 fxg3+ 34. Kxg3 Rxd5 35. Rxd5 Rb8 36. Rd3 g5 37. Kg4 Kg6 38. h4 h5+ 39. Kg3 Kf6 40. hxg5+ Kxg5 41. f4+ Kf6 42. Kh4 Re8 43. Re3 Kg6 44.
Kg3 Kf6 45. Kh4 Kg6 46. Rg3+ Kf6 47. Kxh5 Rxe4 48. Kg4 Re1 49. Rh3 Rg1+ 50. Kf3 Rb1 51. Ke4 c6 52. Rh6+ Ke7 53. Kf5 Rxb3 54. Rh7+ Kf8 55.
Ke6 Rb4 56. f5 Rxc4 57. f6 Re4+ 58. Kxd6 Rxa4 59. Kxc5 Rf4 60. Kxc6 Rxf6+ 61. Kb5 Rf5+ 62. Ka4 Ke8 63. Ra7 Kd8 64. Rxa5 Rxa5+ 65. Kxa5 1/2-1/2

[Event "*** Titled Tuesday 3|2 Blitz"]
[Site "Chess.com"]
[Date "2016.09.06"]
[Round "2"]
[White "Dlugy"]
[Black "pKiLz5Rn9b"]
[Result "0-1"]
[WhiteElo "2551"]
[BlackElo "2443"]
[TimeControl "180+2"]
[EndTime "11:24:02 PDT"]
[Termination "pKiLz5Rn9b won by resignation"]

1. d4 e6 2. Bf4 Nf6 3. e3 d5 4. Nd2 Bd6 5. Bg3 c5 6. c3 Nc6 7. Ngf3 O-O 8. Bb5 Qe7 9. Qe2 Nd7 10. dxc5 Nxc5 11. e4 a6 12. exd5 axb5 13. dxc6 bxc6 14.
O-O Bxg3 15. hxg3 Na4 16. Nb3 c5 17. Rfd1 b4 18. c4 Bb7 19. Rd2 Rad8 20. Rad1 Rxd2 21.
Qxd2 Nb6 22. Na5 Be4 23. Qd6 Qxd6 24. Rxd6 Na4 25. b3 Nc3 26. Nd2 Ra8 27. Nxe4 Nxe4 28. Rd7 g6 29. Nb7 Rxa2 30. f3 Nxg3 31. Nxc5 h5 32.
Nd3 h4 33. c5 Rc2 34. Ne5 Rxc5 35. Nxf7 Rc3 36. Ng5 Rxb3 37. Rd8+ Kg7 38. Nxe6+ Kf6 39. Nc5 Rb1+ 40. Kf2 Rb2+ 41. Kg1 Ne2+ 42. Kf1 Ng3+ 43. Kg1 Rc2 44. Nb3 Ne2+ 45. Kf1 Nf4 46. Nd2 g5 47. Rd4 b3 48. Nxb3 Nxg2 49. Nd2 Nf4 50. Rd8 h3 51.
Ne4+ Ke7 52. Rh8 h2 53. Ng3 Rg2 54. Nf5+ Kf6 55. Ne3 Rg1+ 56. Kf2 h1=Q 57. Rxh1 Rxh1 58. Ng4+ Kf5 59. Ne3+ Kg6 60. Ng4 Rh4 61. Ne5+ Kf5 62. Nc6 Rh2+ 63. Ke3 Re2+ 64. Kd4 Re6 65. Nb4 Ne2+ 66.
Kd3 Kf4 67. Kd2 Kxf3 0-1

[Event "*** Titled Tuesday 3|2 Blitz"]
[Site "Chess.com"]
[Date "2016.09.06"]
[Round "2"]
[White "Misha_Bilous"]
[Black "nihalsarin"]
[Result "1/2-1/2"]
[WhiteElo "2361"]
[BlackElo "2399"]
[TimeControl "180+2"]
[EndTime "11:24:33 PDT"]
[Termination "Game drawn by stalemate"]

1. d4 Nf6 2. c4 c6 3. Nf3 d5 4. e3 Bf5 5. Bd3 Bxd3 6. Qxd3 e6 7.
Nbd2 Nbd7 8. O-O Bd6 9. b3 O-O 10. Bb2 Re8 11. Rac1 a5 12. a3 Qe7 13. c5 Bc7 14. b4 axb4 15. axb4 e5 16. dxe5 Ng4 17.
b5 Ngxe5 18. Nxe5 Nxe5 19. Qd4 cxb5 20. f4 Ra4 21. Qc3 Ba5 22. Qxe5 Qxe5 23. Bxe5 Bxd2 24. Rb1 Bxe3+ 25. Kh1 Bxc5 26. Rxb5 Rc4 27. Rxb7 f6 28.
Bc7 Re7 29. h3 Kf7 30. Rfb1 d4 31. Bd8 Rxb7 32. Rxb7+ Ke8 33. Ba5 Be7 34. Kh2 d3 35. Rb3 Rd4 36. Bd2 Bd6 37. g3 Kf7 38. Kg2 Ke6 39.
Kf3 Kd5 40. Ke3 Re4+ 41. Kf3 Kd4 42. Bc3+ Kc4 43. Kxe4 Kxb3 44. Kxd3 g5 45. fxg5 fxg5 46. g4 Bf4 47. Bf6 Kb4 48. Ke4 Kc5 49. Kf5 Kd6 50.
Bxg5 Bh2 51. Bf4+ Bxf4 52. Kxf4 Ke6 53. Kg5 Kf7 54. Kh6 Kg8 55. h4 Kh8 56. Kg5 Kg7 57. Kf5 Kf7 58. g5 h6 59. g6+ Kg7 60. h5 Kg8 61. Ke6 Kg7 62. Ke5 Kg8 63.
Kf4 Kg7 64. Kg4 Kg8 65. Kf5 Kg7 66. Ke6 Kg8 67. Kf6 Kf8 68. g7+ Kg8 69. Kg6 1/2-1/2

[Event "*** Titled Tuesday 3|2 Blitz"]
[Site "Chess.com"]
[Date "2016.09.06"]
[Round "2"]
[White "tigra"]
[Black "wonderfultime"]
[Result "1-0"]
[WhiteElo "2470"]
[BlackElo "2654"]
[TimeControl "180+2"]
[EndTime "11:25:10 PDT"]
[Termination "tigra won by resignation"]

1. e4 c5 2. Nf3 d6 3. d4 cxd4 4. Nxd4 Nf6 5. Nc3 g6 6. Be3 Bg7 7. f3 O-O 8. Qd2 Nc6 9. O-O-O d5 10. Nxc6 bxc6 11. exd5 Nxd5 12. Bd4 e5 13. Bc5 Be6 14. Ne4 Re8 15. Bc4 Qc7 16. h4 h6 17. Bb3 Red8 18. Qf2 a5 19. g4 a4 20. Bc4 Rab8 21. h5 g5 22. Ba3 Kh8 23. Nc5 Bc8 24. Nxa4 Ra8 25.
Bb3 Be6 26. Rhe1 Rdb8 27. Re4 Rb5 28. c4 Rba5 29. Kb1 Nf6 30. Bd6 Nxe4 31. fxe4 Qa7 32.
Bc5 Rxc5 33. Nxc5 Bxg4 34. Rd6 Bxh5 35. Rd7 Qb6 36. Bd1 Bg6 37. Bg4 Rd8 38. Rb7 Qa5 39.
Bf5 Bh5 40. Bd7 g4 41. a3 g3 42. Qe3 g2 43. Ka2 Be2 44. b4 Bxc4+ 45. Kb2 Qa8 46.
Qg3 Bf1 47. Be6 Rd2+ 48. Kc1 Rd3 49. Nxd3 Qxa3+ 50. Kd2 Qxd3+ 51. Qxd3 Bxd3 52. Rb8+ Bf8 53. Rxf8+ Kg7 54. Rxf7+ Kg6 55. Rf8 Bxe4 56. Rg8+ Kf6 57. Bh3 Bd5 58. Rg3 h5 59. Bxg2 h4 60. Rg4 Kf5 61. Bxd5 Kxg4 62. Bxc6 Kf4 63. Kd3 h3 64. Be4 h2 65. b5 Kg3 66. b6 Kf2 67. Kd2 h1=Q 68. Bxh1 1-0

[Event "*** Titled Tuesday 3|2 Blitz"]
[Site "Chess.com"]
[Date "2016.09.06"]
[Round "2"]
[White "OparinGrigoriy"]
[Black "Alexander_Donchenko"]
[Result "0-1"]
[WhiteElo "2597"]
[BlackElo "2503"]
[TimeControl "180+2"]
[EndTime "11:25:15 PDT"]
[Termination "Alexander_Donchenko won by resignation"]

1. e4 c5 2. Nf3 d6 3. d4 cxd4 4.
Nxd4 Nf6 5. Nc3 a6 6. h3 e5 7. Nb3 Be7 8. Be3 Be6 9. f4 exf4 10. Bxf4 Nc6 11. Qe2 Nd7 12. O-O-O Nce5 13. Kb1 O-O 14. g4 Rc8 15. Qe3 Qc7 16. Nd4 Nb6 17. Qg3 g6 18.
Rh2 Rfe8 19. g5 Nbc4 20. Nxe6 fxe6 21. h4 Bf8 22. h5 Nxb2 23. Kxb2 Bg7 24. Kc1 Qxc3 25. Qxc3 Rxc3 26. hxg6 hxg6 27. Rh3 Rec8 28. Rxc3 Rxc3 29. Be2 Rc6 30. Kd2 Nc4+ 31. Bxc4 Rxc4 32. Bxd6 Rxe4 33. c3 Rg4 34. Re1 Kf7 35. Rf1+ Ke8 36.
Bf4 Rg2+ 37. Kd3 Rxa2 38. Bd2 Ra5 39. Rb1 Rb5 40. Re1 Kd7 41. Rh1 Ke7 42. Rh7 Kf8 43. Rh4 Rd5+ 44. Kc2 Rf5 45. Rc4 Be5 46. Rc8+ Ke7 47.
Rg8 Kf7 48. Rd8 Rf2 49. Kd3 Ke7 50. Rg8 Kf7 51. Rd8 b5 52. Rd7+ Ke8 53. Ra7 Bf4 54. Be1 Rf1 55. Ke2 Rh1 56. Rxa6 Kd7 57. Ra7+ Kc6 58.
Rg7 Bxg5 59. Rxg6 Bf4 60. Rxe6+ Kd5 61. Rf6 Be5 62. Rf5 Ke4 63. Rf2 Rxe1+ 64. Kd2 Ra1 65. Re2+ Kd5 66. Kd3 Ra3 67. Rc2 b4 68. Kd2 Rxc3 69.
Ra2 Ra3 70. Rc2 b3 71. Rc1 Bf4+ 72. Kc3 Bxc1 73. Kb4 0-1

[Event "*** Titled Tuesday 3|2 Blitz"]
[Site "Chess.com"]
[Date "2016.09.06"]
[Round "2"]
[White "Alexander_Moskalenko"]
[Black "Rsnr"]
[Result "1-0"]
[WhiteElo "2624"]
[BlackElo "2494"]
[TimeControl "180+2"]
[EndTime "11:25:31 PDT"]
[Termination "Alexander_Moskalenko won by resignation"]

1. b4 c6 2. Bb2 Qb6 3. a3 a5 4. c4 axb4 5. c5 Qc7 6. axb4 Rxa1 7.
Bxa1 d6 8. Nf3 Nd7 9. d4 Ngf6 10.
Nbd2 d5 11. e3 g6 12. Bd3 Bg7 13. O-O O-O 14. b5 b6 15. cxb6 Qxb6 16. Qb1 cxb5 17. Qxb5 Qxb5 18. Bxb5 Nb6 19. Rc1 Bd7 20. Bf1 Rc8 21.
Rb1 Na4 22. Ba6 Ra8 23. Bd3 h6 24. Ne5 Bf5 25. Bxf5 gxf5 26. f3 Ne8 27. Rb3 Nd6 28. Ra3 e6 29. Kf2 Nb6 30. Rxa8+ Nxa8 31. Bc3 Nb6 32. Nd3 Ndc4 33. Nxc4 Nxc4 34. h4 Bf6 35. h5 Be7 36. Bb4 Bg5 37. Nf4 Kg7 38. g4 fxg4 39.
fxg4 Bd8 40. Kf3 Bg5 41. Bc5 Bd8 42. e4 Nd2+ 43. Kg2 Nxe4 44. Bb4 Bc7 45. Ne2 f6 46. Ba3 e5 47. Ng3 exd4 48. Nf5+ Kh7 49. Nxd4 Be5 50. Nf5 Bf4 51. Kf3 Bg5 52. Bb4 Bc1 53. Ne7 Ng5+ 54.
Ke2 d4 55. Bc5 Ne6 56. Bb6 Bg5 57. Kd3 Be3 58. Nf5 Bf2 59. Bxd4 Bxd4 60. Nxd4 Nc5+ 61. Ke3 Nd7 62. Kf4 Ne5 63. Kf5 Kg7 64. Ne6+ Kf7 65. Nd8+ Kg7 66. Ne6+ Kf7 67. Nf4 Kg7 68. Nd5 Nd7 69. Ke6 Nc5+ 70. Ke7 Ne4 71. Ne3 Nf2 72. Ke6 Ne4 73. Nf5+ Kh7 74. Kf7 Nf2 75. Ne3 Ne4 76. Nd5 f5 77. gxf5 Ng3 78. Nf6+ Kh8 79. Kg6 Ne2 80. Nd7 Nf4+ 81. Kxh6 Kg8 82. Kg5 Nh3+ 83. Kg4 Nf2+ 84. Kf4 Kf7 85. Ne5+ Kg7 86. Ng4 Nh3+ 87. Ke5 Ng5 88. f6+ Kf8 89. Kf5 Nf3 90. Ne5 Nh4+ 91.
Ke6 Ng2 92. Ng6+ 1-0

[Event "*** Titled Tuesday 3|2 Blitz"]
[Site "Chess.com"]
[Date "2016.09.06"]
[Round "3"]
[White "WinnieTPooh"]
[Black "Sinquefield"]
[Result "0-1"]
[WhiteElo "1826"]
[BlackElo "2028"]
[TimeControl "180+2"]
[EndTime "11:29:56 PDT"]
[Termination "Sinquefield won by resignation"]

1. d4 Nf6 2. c4 d6 3. Nf3 g6 4.
Nc3 Bg7 5. e4 O-O 6. Be2 e5 7.
O-O exd4 8. Nxd4 Re8 9. f3 c6 10. Bg5 h6 11. Bh4 Nbd7 12. Qd2 Nxe4 13. Bxd8 Nxd2 14. Nc2 Bxc3 15. bxc3 Rxe2 16. Nd4 Re8 17. Bh4 Nxf1 0-1

[Event "*** Titled Tuesday 3|2 Blitz"]
[Site "Chess.com"]
[Date "2016.09.06"]
[Round "3"]
[White "Novak_Pezelj"]
[Black "Tash_Boy"]
[Result "0-1"]
[WhiteElo "2489"]
[BlackElo "2400"]
[TimeControl "180+2"]
[EndTime "11:30:02 PDT"]
[Termination "Tash_Boy won by resignation"]

1. b3 Nf6 2. Bb2 g6 3. Bxf6 exf6 4. c4 Bg7 5. Nc3 O-O 6. Rc1 b6 7. e3 Bb7 8. Nf3 f5 9. g3 d6 10. Bg2 Nd7 11. O-O Re8 12. d4 Nf6 13. d5 Bc8 14. Nd4 Bd7 15. Re1 Ng4 16. h3 Ne5 17. f4 h5 18. fxe5 dxe5 19. Nc6 Qg5 20. Qf3 h4 21. gxh4 Qxh4 22. e4 Bh6 23. Rc2 f4 24. Nd1 Qxe1+ 25. Kh2 Bg5 26. Nf2 Bh4 27. Re2 Bg3+ 0-1

[Event "*** Titled Tuesday 3|2 Blitz"]
[Site "Chess.com"]
[Date "2016.09.06"]
[Round "3"]
[White "Dlugy"]
[Black "Rumpel-VK"]
[Result "1-0"]
[WhiteElo "2557"]
[BlackElo "2442"]
[TimeControl "180+2"]
[EndTime "11:30:05 PDT"]
[Termination "Dlugy won on time"]

1. d4 d5 2. Bf4 Bf5 3. e3 e6 4.
Nf3 Bd6 5. Bd3 Ne7 6. Bg3 O-O 7. c4 Bxd3 8. Qxd3 c5 9. dxc5 Bxc5 10. O-O Nbc6 11.
Nc3 dxc4 12. Qxc4 Bd6 13. Rfd1 Nf5 14. Bxd6 Nxd6 15. Qc5 1-0

[Event "*** Titled Tuesday 3|2 Blitz"]
[Site "Chess.com"]
[Date "2016.09.06"]
[Round "3"]
[White "Keranke"]
[Black "Pudor"]
[Result "1-0"]
[WhiteElo "2549"]
[BlackElo "2369"]
[TimeControl "180+2"]
[EndTime "11:30:19 PDT"]
[Termination "Keranke won by resignation"]

1. d4 Nf6 2. c4 d6 3. g3 Nbd7 4.
Bg2 e5 5. Nf3 g6 6. O-O Bg7 7. Nc3 O-O 8. e4 exd4 9. Nxd4 Re8 10.
Re1 c6 11. h3 Qe7 12. Be3 a5 13. Qc2 Nc5 14. Rad1 a4 15. Bf4 Nfd7 16. b4 axb3 17. axb3 Ne5 18. Kh2 h5 19. Be3 h4 20. g4 g5 21. Nf5 Bxf5 22. exf5 Qf6 23. b4 Ra3 24.
Nb1 Na6 25. Nxa3 Nxb4 26. Qb3 c5 27. Nb5 1-0